 Dungeon Crawl Stone Soup version 0.21-a0-364-gbd1fde4 (webtiles) character file.

900 Hasart the Chiller (level 8, -3/46 HPs)
             Began as an Octopode Ice Elementalist on Oct 14, 2017.
             Was an Initiate of Gozag.
             Slain by Edmund
             ... wielding a +6 flail of holy wrath
              (11 damage)
             ... on level 6 of the Dungeon.
             The game lasted 00:11:46 (5643 turns).

Hasart the Chiller (Octopode Ice Elementalist)      Turns: 5643, Time: 00:11:47

Health: -3/46      AC:  1    Str:  8    XL:     8   Next: 7%
Magic:  13/24      EV: 13    Int: 19    God:    Gozag
Gold:   249        SH:  0    Dex: 12    Spells: 4/16 levels left

rFire    . . .     SeeInvis .   p - +1 mace (curse)
rCold    + . .     Gourm    .   (no shield)
rNeg     . . .     Faith    .   (helmet restricted)
rPois    .         Spirit   .   (no amulet)
rElec    .         Reflect  .   j - ring of protection from cold
rCorr    .         Harm     .   l - ring of magical power
MR       .....                  (no ring)
Stlth    +++.......             (no ring)
HPRegen  0.15/turn              (no ring)
MPRegen  0.19/turn              (no ring)
                                (no ring)
                                (no ring)

@: no status effects
A: almost no armour, stealthy swim, amphibious, 8 rings, constrict 8, camouflage
1, gelatinous body 1
a: Potion Petition, Call Merchant, Bribe Branch, Renounce Religion


You were on level 6 of the Dungeon.
You worshipped Gozag.
Gozag was aware of your devotion.
You were not hungry.

You visited 2 branches of the dungeon, and saw 7 of its levels.

You collected 299 gold pieces.
You paid 50 gold pieces to Gozag.

Inventory:

Hand Weapons
 p - a cursed +1 mace (weapon)
Jewellery
 j - a ring of protection from cold (left tentacle)
 l - a ring of magical power (right tentacle)
Wands
 o - a wand of acid (6/15)
 s - a wand of random effects (10/48)
Scrolls
 f - 3 scrolls of teleportation
 i - 4 scrolls of remove curse
 k - 3 scrolls of identify
 r - 2 scrolls of enchant weapon
Potions
 c - 2 potions of resistance {unknown}
 d - a potion of curing
 e - 2 potions of heal wounds
 h - a potion of haste {unknown}
 n - 2 potions of cancellation {unknown}
 q - a potion of flight {unknown}
Books
 a - a book of Frost

   Spells                             Type                      Level
   a - Freeze                         Ice                          1
   b - Throw Frost                    Conjuration/Ice              2
   c - Ozocubu's Armour               Charms/Ice                   3
   d - Throw Icicle                   Conjuration/Ice              4
   e - Summon Ice Beast               Ice/Summoning                4
Comestibles
 b - 3 bread rations
 m - 4 meat rations


   Skills:
 - Level 2.0 Dodging
 - Level 2.6 Stealth
 + Level 4.7 Spellcasting
 * Level 2.7 Conjurations
 * Level 2.4 Summonings
 + Level 7.1 Ice Magic


You had 4 spell levels left.
You knew the following spells:

 Your Spells              Type           Power        Failure   Level  Hunger
a - Freeze                Ice            ####         1%          1    None
b - Throw Icicle          Conj/Ice       ###.....     17%         4    ####...
c - Ozocubu's Armour      Chrm/Ice       ###.....     9%          3    ###....
d - Summon Ice Beast      Ice/Summ       ###.....     17%         4    ####...


Dungeon Overview and Level Annotations

Branches:
Dungeon (6/15)             Temple (1/1) D:4

Altars:
Ashenzari
Cheibriados
Dithmenos
Fedhas
Gozag
Hepliaklqana
Kikubaaqudgha
Okawaru
Qazlal
Ru
Sif Muna
Trog
Uskayaw
Vehumet
Wu Jian
Yredelemnul
Zin
The Shining One

Annotations:
D:3 Syneil's ghost, amateur MfSk
D:5 Menkaure
D:6 Edmund


Innate Abilities, Weirdness & Mutations

You cannot wear most types of armour.
You are very stealthy in the water. (Stealth+)
You are amphibious.
You can wear up to eight rings at the same time.
You can use your tentacles to constrict eight enemies at once.
Your skin changes colour to match your surroundings (Stealth+).
Your rubbery body absorbs attacks. (AC +1, EV +1)


Message History

* * * LOW HITPOINT WARNING * * *
Casting: Freeze
Confirm with . or Enter, or press ? or * to list all spells.
Aiming: Freeze
Press: ? - help, Shift-Dir - straight line, f/p - Edmund
Aim: Edmund, wielding a flail of holy wrath and wearing a scale mail (heavily wounded, constricted by you)
You freeze Edmund.
Edmund is severely wounded.
You constrict Edmund.
Casting: Freeze
Confirm with . or Enter, or press ? or * to list all spells.
Aiming: Freeze
Press: ? - help, Shift-Dir - straight line, f/p - Edmund
Aim: Edmund, wielding a flail of holy wrath and wearing a scale mail (almost dead, constricted by you)
You freeze Edmund.
Edmund is almost dead.
You constrict Edmund.
Edmund hits you with a flail of holy wrath!
You die...
Your body crumbles into a pile of gold.

###################
....#.............#
###.#.###########.#
###.#.##### #$#
....).....# #.#
#####.###.# #.#
#..##.#
..######$######
..#.##.
.......@........
#..#_###
#.####@#.#######
.#..## #.#.# ...##
#.#.# #### #.#.#
#.#.# #...# #. ..


You could see Edmund.

Vanquished Creatures
  Sigmund (D:6)
  The ghost of Hasart the Chiller, an amateur OpIE (D:4)
  A sky beast (D:6)
  2 bullfrogs
  A scorpion (D:4)
  2 hounds
  Jessica (D:3)
  An iguana (D:4)
  5 worker ants
  A mummy (D:5)
  4 adders
  A shadow imp (D:6)
  An adder skeleton (D:4)
  2 worms (D:2)
  5 dart slugs
  A leopard gecko (D:1)
  3 orcs
  A ball python (D:2)
  A giant cockroach (D:4)
  5 goblins
  7 hobgoblins
  3 jackals
  9 kobolds
  2 quokkas
  A ball python skeleton (D:4)
  6 bats
  2 frilled lizards
  2 jackal skeletons
  A leopard gecko zombie (D:4)
  2 rats (D:2)
75 creatures vanquished.

Notes
Turn   | Place    | Note
-------+----------+-------------------------------------------
     0 | D:1      | Hasart the Octopode Ice Elementalist began the quest for the Orb.
     0 | D:1      | Reached XP level 1. HP: 11/11 MP: 3/3
   685 | D:1      | Reached XP level 2. HP: 11/17 MP: 5/5
  1661 | D:2      | Reached XP level 3. HP: 19/21 MP: 4/6
  1833 | D:2      | Reached skill level 4 in Ice Magic
  2197 | D:2      | Found a stormy altar of Qazlal.
  2197 | D:2      | Found a snail-covered altar of Cheibriados.
  2213 | D:2      | Reached XP level 4. HP: 18/27 MP: 3/8
  2309 | D:2      | Learned a level 4 spell: Throw Icicle
  2313 | D:2      | Learned a level 3 spell: Ozocubu's Armour
  2926 | D:3      | Noticed Jessica
  2931 | D:3      | Killed Jessica
  2938 | D:3      | You fall through a shaft for 2 floors!
  2938 | D:5      | Entered Level 5 of the Dungeon
  2988 | D:5      | Reached XP level 5. HP: 31/31 MP: 6/9
  3037 | D:5      | Noticed a phantom
  3048 | D:5      | Reached skill level 5 in Ice Magic
  3353 | D:5      | Found a snail-covered altar of Cheibriados.
  3360 | D:4      | Found a staircase to the Ecumenical Temple.
  3367 | Temple   | Entered the Ecumenical Temple
  3590 | Temple   | Became a worshipper of Gozag Ym Sagoz the Greedy
  3713 | D:4      | Noticed Hasart's ghost (amateur OpIE)
  3768 | D:3      | Noticed Syneil's ghost (amateur MfSk)
  3982 | D:4      | Reached XP level 6. HP: 35/36 MP: 11/11
  4245 | D:4      | Reached skill level 6 in Ice Magic
  4512 | D:4      | Reached XP level 7. HP: 18/41 MP: 13/13
  4857 | D:4      | Found a radiant altar of Vehumet.
  4861 | D:4      | Found a blossoming altar of Fedhas.
  4863 | D:4      | Found a basalt altar of Yredelemnul.
  4866 | D:4      | Found an ancient bone altar of Kikubaaqudgha.
  4988 | D:4      | Killed Hasart's ghost
  5082 | D:5      | Learned a level 4 spell: Summon Ice Beast
  5139 | D:5      | Noticed Menkaure
  5376 | D:6      | Found a deep blue altar of Sif Muna.
  5408 | D:6      | Noticed Sigmund
  5419 | D:6      | Killed Sigmund
  5419 | D:6      | Reached skill level 1 in Summonings
  5419 | D:6      | Reached skill level 7 in Ice Magic
  5632 | D:6      | Reached XP level 8. HP: 36/46 MP: 15/15
  5633 | D:6      | Noticed Edmund
  5643 | D:6      | Slain by Edmund

Vault maps used:
D:1:      dpeg_arrival_chambers_temple_mockup
D:2:      gammafunk_temple_overflow_elements
D:3:      grunt_qazlal_clouds, uniq_jessica
D:4:      minitemple, minmay_temple_entry_water_ring, st_stairs_4
D:5:      first_bread, chei_slow_surprise, uniq_crazy_yiuf_cottage,
          uniq_menkaure
D:6:      marbit_many_paths, serial_shops, nicolae_shop_crystal, shop, shop,
          uniq_sigmund, uniq_edmund, uniq_prince_ribbit1
Temple:   minmay_temple_forest_path

Skill      XL: |  1  2  3  4  5  6  7 |
---------------+----------------------+-----
Ice Magic      | 4 5 6 7 |  7.1
Spellcasting   | 3 4 |  4.7
Conjurations   | 2 |  2.7
Summonings     | 2 |  2.4
Dodging        | |  2.0
Stealth        | |  2.6

Action                   |  1- 3 |  4- 6 |  7- 9 || total
-------------------------+-------+-------+-------++-------
Melee: Unarmed           |    73 |    47 |       ||   120
       Tentacles         |    14 |    14 |     4 ||    32
       Constrict         |    16 |    23 |     6 ||    45
       Mace              |       |    29 |    21 ||    50
 Cast: Freeze            |    22 |    40 |    26 ||    88
       Ozocubu's Armour  |       |       |     1 ||     1
       Throw Icicle      |       |       |     1 ||     1
  Use: Scroll            |     1 |       |     4 ||     5
       Potion            |       |     1 |     1 ||     2
 Stab: Sleeping          |     7 |    10 |     1 ||    18
  Eat: Chunk             |     4 |     3 |       ||     7
       Royal jelly       |       |     2 |       ||     2
       Fruit             |       |     1 |       ||     1
       Bread ration      |       |       |     1 ||     1
Armor: Skin              |     9 |     4 |     4 ||    17
Dodge: Dodged            |    47 |    58 |    24 ||   129

Table legend:
 A = Spawn XP
 B = Non-spawn XP
 C = Spawn XP percentage of total XP
 D = Spawn monster count
 E = Non-spawn monster count
 F = Spawn count percentage of total count
 G = Total turns spent on level
                    A         B        C        D         E        F      G
               +---------+---------+-------+---------+---------+-------+---------
         Total |       0 |    1286 |   0.0 |       0 |      75 |   0.0 |  5643
               +---------+---------+-------+---------+---------+-------+---------
           D:1 |       0 |      29 |   0.0 |       0 |      16 |   0.0 |  1636
           D:2 |       0 |      70 |   0.0 |       0 |      23 |   0.0 |  1290
           D:3 |       0 |      73 |   0.0 |       0 |       6 |   0.0 |    78
           D:4 |       0 |     521 |   0.0 |       0 |      18 |   0.0 |  1494
           D:5 |       0 |     139 |   0.0 |       0 |       7 |   0.0 |   565
           D:6 |       0 |     454 |   0.0 |       0 |       5 |   0.0 |   298
               +---------+---------+-------+---------+---------+-------+---------
